 Dungeon Crawl Stone Soup version 0.20-a0-850-ge5a7832 (webtiles) character file.

88 Alarkh the Chopper (level 4, 16/35 HPs)
             Began as a Demonspawn Monk on Mar 10, 2017.
             Quit the game on level 3 of the Dungeon.
             The game lasted 00:01:52 (2645 turns).

Alarkh the Chopper (Demonspawn Monk)                Turns: 2645, Time: 00:01:53

Health: 16/35      AC:  2    Str: 11    XL:     4   Next: 29%
Magic:  4/4        EV: 13    Int: 13    God:
Gold:   98         SH:  0    Dex: 15    Spells: 3/3 levels left

rFire    . . .     SeeInvis .   a - +0 hand axe
rCold    . . .     Gourm    .   b - +0 robe
rNeg     . . .     Faith    .   (no shield)
rPois    .         Spirit   .   (helmet unavailable)
rElec    .         Reflect  .   (no cloak)
rCorr    .         Harm     .   (no gloves)
MR       .....                  (no boots)
Stlth    ++........             (no amulet)
Regen    0.2/turn               (no ring)
MPRegen  0.1/turn               (no ring)

@: no status effects
A: horns 3, wild magic 1
a: no special abilities


You were on level 3 of the Dungeon.
You were hungry.

You visited 1 branch of the dungeon, and saw 3 of its levels.

You collected 98 gold pieces.

Inventory:

Hand Weapons
 a - a +0 hand axe (weapon)
Armour
 b - a +0 robe (worn)
 d - a cursed +0 helmet
Scrolls
 e - 4 scrolls of remove curse {unknown}
 i - a scroll of blinking {unknown}
 k - 4 scrolls of identify {unknown}
 l - a scroll of noise {unknown}
 m - a scroll of recharging {unknown}
 o - a scroll of teleportation {unknown}
Potions
 h - a potion of lignification
Comestibles
 c - 4 bread rations
 f - 2 royal jellies
 g - a chunk of flesh
 j - a fruit
 n - a meat ration


   Skills:
 + Level 3.5 Fighting
 * Level 3.6 Axes
 + Level 1.0 Armour
 + Level 3.2 Dodging
 - Level 1.7 Stealth


You had 3 spell levels left.
You didn't know any spells.

Dungeon Overview and Level Annotations

Branches:
Dungeon (3/15)

Altars:


Innate Abilities, Weirdness & Mutations

You have a pair of large horns on your head.
Your spells are a little harder to cast, but a little more powerful.


Message History

You are too injured to fight recklessly!
You are too injured to fight recklessly!
You are too injured to fight recklessly!
You are too injured to fight recklessly!
You are too injured to fight recklessly!
You are too injured to fight recklessly!
You are too injured to fight recklessly!
A worm is nearby!
A worm is nearby!
A worm is nearby!
You hit the worm.
The worm is severely wounded.
The worm bites you but does no damage.
You hit the worm.
You kill the worm!
You are feeling hungry.
Unknown command.
Unknown command.
Unknown command.
Are you sure you want to abandon this character and quit the game? (Confirm with "yes".)

......[.............
..........#.#.#.#.#.
................... # #
#.##[#....#.#.#.#.
#.##.##................
.. ...##.#.####.#.#.
#..#.##.#......)#.#.#
........)..###### # #
..#.##@#..# #.#..#
....... .........
#...........
#...........
#........... .......###


There were no monsters in sight!

Vanquished Creatures
  2 adders
  2 oozes
  2 worms
  2 dart slugs
  2 leopard geckos (D:1)
  An orc (D:3)
  2 bats (D:1)
  2 giant cockroaches (D:1)
  7 goblins
  6 hobgoblins
  4 jackals (D:2)
  9 kobolds
  A ball python (D:1)
  A frilled lizard (D:2)
  3 rats
46 creatures vanquished.

Notes
Turn   | Place    | Note
-------+----------+-------------------------------------------
     0 | D:1      | Alarkh the Demonspawn Monk began the quest for the Orb.
     0 | D:1      | Reached XP level 1. HP: 18/18 MP: 1/1
   155 | D:1      | Gained mutation: You have a pair of small horns on your head. [demonic ancestry]
   155 | D:1      | Reached XP level 2. HP: 24/24 MP: 2/2
  1122 | D:1      | Gained mutation: You have a pair of horns on your head. [demonic ancestry]
  1122 | D:1      | Reached XP level 3. HP: 25/29 MP: 3/3
  1993 | D:2      | Reached skill level 1 in Armour
  2135 | D:2      | Gained mutation: Your spells are a little harder to cast, but a little more powerful. [potion of mutation]
  2135 | D:2      | Gained mutation: You have a pair of large horns on your head. [potion of mutation]
  2334 | D:2      | Reached XP level 4. HP: 35/35 MP: 4/4
  2645 | D:3      | Quit the game

Vault maps used:
D:1:      roderic_chinese_lattice_arrival, nrook_loot_triangle
D:2:      first_bread
D:3:      portal_sewer_entry_c, uniq_crazy_yiuf_cottage

Skill      XL: |  1  2  3 |
---------------+----------+-----
Axes           | 3 |  3.6
Dodging        | 3 |  3.2
Armour         | 1 |  1.0
Fighting       | |  3.5
Stealth        | |  1.7

Action                   |  1- 3 |  4- 6 || total
-------------------------+-------+-------++-------
Melee: Hand axe          |   106 |    18 ||   124
       Headbutt          |    14 |     3 ||    17
  Use: Potion            |     8 |     1 ||     9
 Stab: Sleeping          |     3 |     1 ||     4
  Eat: Chunk             |     4 |     1 ||     5
Armor: Robe              |    11 |     2 ||    13
       Skin              |     3 |       ||     3
Dodge: Dodged            |    91 |     5 ||    96
